 Dungeon Crawl Stone Soup version 0.25-a0-58-g9dd530fc12 (webtiles) character file.

Game seed: 16035123885287457958, levelgen mode: deterministic

6016 Granthy the Thaumaturge (level 10, 0/84 HPs)
             Began as a Purple Draconian Conjurer on Oct 26, 2019.
             Was a Believer of Sif Muna.
             Slain by a komodo dragon (13 damage)
             ... on level 1 of the Lair of Beasts.
             The game lasted 01:02:04 (13070 turns).

Granthy the Thaumaturge (DrCj)                     Turns: 13070, Time: 01:02:04

Health: 0/84       AC:  9    Str: 10    XL:     10   Next: 56%
Magic:  11/26      EV: 12    Int: 18    God:    Sif Muna [**....]
Gold:   504        SH:  4    Dex: 13    Spells: 18/33 levels left

rFire    . . .     SeeInvis .   K - +0 long sword
rCold    . . .     Gourm    .   (no shield)
rNeg     . . .     Faith    .   (armour unavailable)
rPois    .         Spirit   .   (helmet restricted)
rElec    .         Reflect  +   r - +1 cloak
rCorr    .         Harm     .   (no gloves)
MR       +....                  (no boots)
Stlth    +++.......             J - +4 amulet of reflection
HPRegen  0.24/turn              u - ring of stealth
MPRegen  0.20/turn              (no ring)

@: no status effects
A: breathe power, unfitting armour, cold-blooded, AC +7
a: Breathe Dispelling Energy, Channel Magic, Renounce Religion


You were on level 1 of the Lair of Beasts.
You worshipped Sif Muna.
Sif Muna was pleased with you.
You were not hungry.

You visited 3 branches of the dungeon, and saw 10 of its levels.
You also visited: Sewer.

You collected 504 gold pieces.

Inventory:

Hand Weapons
 a - a cursed +0 quarterstaff
 c - a +0 short sword
 q - a +3 quarterstaff of chaos
 t - a +0 dagger of venom
 z - a +0 falchion
 H - a +1 whip of electrocution
 K - a +0 long sword (weapon)
Missiles
 d - 251 stones (quivered)
 g - 13 boomerangs
 h - 41 sling bullets
 o - a throwing net
Armour
 j - a scarf of repulsion
 r - a +1 cloak (worn)
Magical Staves
 C - an uncursed staff of poison
Jewellery
 p - a cursed ring of attention
 u - a ring of stealth (left hand)
 J - a +4 amulet of reflection (around neck)
Wands
 k - a wand of disintegration (2)
 I - a wand of random effects (20)
Scrolls
 f - 5 scrolls of remove curse
 l - 2 scrolls of magic mapping
 s - 2 scrolls of enchant armour
 w - 3 scrolls of enchant weapon {unknown}
 y - 2 scrolls of amnesia {unknown}
 A - a scroll of blinking {unknown}
 B - 3 scrolls of teleportation {unknown}
 D - 2 scrolls of fog {unknown}
 E - 3 scrolls of identify
 G - a scroll of immolation {unknown}
Potions
 e - 4 potions of brilliance
 i - a potion of curing
 m - a potion of flight {unknown}
 n - a potion of might {unknown}
 v - 3 potions of magic
 x - a potion of haste {unknown}
 F - a potion of ambrosia {unknown}
 L - a potion of degeneration {unknown}
Comestibles
 b - 6 rations


   Skills:
 * Level 6.8 Fighting
 - Level 0.4 Long Blades
 - Level 2.0 Staves
 - Level 1.7 Dodging
 - Level 1.7 Stealth
 + Level 12.1 Spellcasting
 * Level 7.6 Conjurations
 + Level 4.5 Summonings
 * Level 4.2 Air Magic
 - Level 1.0 Evocations


You had 18 spell levels left.
You knew the following spells:

 Your Spells              Type           Power        Failure   Level  Hunger
a - Magic Dart            Conj           ####         1%          1    None
b - Searing Ray           Conj           #####.       1%          2    None
c - Iskenderun's Mystic   Conj           #####...     2%          4    ##.....
d - Fulminant Prism       Conj/Hex       ###.......   13%         4    ##.....
e - Summon Lightning Spi  Summ/Air       ####....     11%         4    ##.....

Your spell library contained the following spells:

 Spells                   Type           Power        Failure   Level  Hunger
 Summon Small Mammal      Summ           ####         1%          1    None
 Call Imp                 Summ           ####....     1%          2    None
 Call Canine Familiar     Summ           ####....     3%          3    None
 Dazzling Spray           Conj/Hex       ###...       4%          3    None
 Summon Guardian Golem    Hex/Summ       ###.....     8%          3    None
 Force Lance              Conj/Tloc      ###.....     13%         4    ##.....
 Summon Ice Beast         Ice/Summ       ###.....     26%         4    ##.....
 Cause Fear               Hex            ##........   54%         4    ##.....
 Silence                  Hex/Air        ###.......   58%         5    ####...
 Yara's Violent Unravell  Hex/Tmut       ##........   87%         5    ####...
 Deflect Missiles         Chrm/Air       ###.......   99%         6    ######.
 Discord                  Hex            ##........   100%        8    #######


Dungeon Overview and Level Annotations

Branches:
Dungeon (8/15)             Temple (1/1) D:4            Lair (1/6) D:8
  Sewer (visited)

Altars:
Ashenzari
Cheibriados
Dithmenos
Elyvilon
Fedhas
Hepliaklqana
Kikubaaqudgha
Makhleb
Okawaru
Ru
Sif Muna
Trog
Vehumet
Xom
Yredelemnul
Zin
The Shining One

Shops:
D:5 !   D:6 (

Annotations:
D:8 2 transporters, kkkmkkk's ghost, novice CeTm


Innate Abilities, Weirdness & Mutations

You can breathe bolts of dispelling energy.
Your rich purple scales are hard. (AC +7)
You cannot fit into any form of body armour.
You are cold-blooded and may be slowed by cold attacks.


Message History

The komodo dragon is almost dead.
You block the komodo dragon's attack.
Casting: Magic Dart (safe; 1% risk of failure)
Confirm with . or Enter, or press ? or * to list all spells.
Aiming: Magic Dart (safe; 1% risk of failure)
Press: ? - help, Shift-Dir - straight line, f/p - komodo dragon
Aim: a komodo dragon (almost dead)
The magic dart hits the komodo dragon but does no damage.
The komodo dragon is almost dead.
The komodo dragon bites you!
* * * LOW HITPOINT WARNING * * *
Casting: Magic Dart (safe; 1% risk of failure)
Confirm with . or Enter, or press ? or * to list all spells.
Aiming: Magic Dart (safe; 1% risk of failure)
Press: ? - help, Shift-Dir - straight line, f/p - komodo dragon
Aim: a komodo dragon (almost dead)
The magic dart hits the komodo dragon.
The komodo dragon is almost dead.
The komodo dragon bites you!
You die...

. .. #.. #......
...... #..
#........ .....#
#..## #.........
.....#
#..####.........
....#
#.@.##.........
....#
##.l##.........
....##
#.#S?.........
.....#
####8.........
....#
##.........
P..## #.........
#P.##
##P........
..b.##
#.........#
≈≈...#
#P.......##


You could see a komodo dragon, a water moccasin and a friendly lightning spire.

Vanquished Creatures
  Pikel (D:8)
  A deep elf mage (D:7)
  A hornet (D:8)
  A hippogriff (D:7)
  7 yaks
  2 water moccasins
  2 soldier ants (D:8)
  2 porcupines
  2 orc warriors
  A sky beast (D:5)
  3 slaves (D:8)
  2 ice beasts
  A phantom (D:5)
  4 centaurs
  4 bullfrogs
  A wyvern zombie (D:8)
  5 killer bees (D:7)
  2 electric eels (Lair:1)
  A jelly (D:5)
  A bullfrog zombie (D:6)
  A quasit (D:7)
  4 hounds
  8 orc wizards
  Crazy Yiuf (D:2)
  3 orc priests
  A centaur skeleton (D:5)
  2 iguanas
  4 worker ants
  10 adders
  2 gnolls (D:8)
  A howler monkey skeleton (D:5)
  2 shadow imps
  2 oozes
  An adder zombie (D:6)
  2 worms
  7 leopard geckos
  32 orcs
  7 ball pythons
  6 bats
  11 giant cockroaches
  8 goblins
  9 hobgoblins
  4 jackals (D:4)
  4 quokkas
  11 frilled lizards
  A jackal skeleton (D:5)
  9 kobolds
  A quokka zombie (D:7)
  8 rats
206 creatures vanquished.

Vanquished Creatures (collateral kills)
  A two-headed ogre (D:8)
  2 yaks (Lair:1)
  A slave (D:8)
  A gnoll sergeant (D:8)
  3 gnolls (D:8)
  A quokka (D:8)
9 creatures vanquished.

Vanquished Creatures (others)
  A centaur (D:7)
  A fungus (Lair:1)
  10 plants (Lair:1)
12 creatures vanquished.

Grand Total: 227 creatures vanquished

Notes
Turn   | Place    | Note
-------+----------+-------------------------------------------
     0 | D:1      | Granthy the Draconian Conjurer began the quest for the Orb.
     0 | D:1      | Reached XP level 1. HP: 14/14 MP: 3/3
   182 | D:1      | Reached XP level 2. HP: 22/22 MP: 1/5
   495 | D:1      | Reached skill level 1 in Fighting
  1042 | D:2      | Learned a level 2 spell: Searing Ray
  1053 | D:2      | Reached XP level 3. HP: 28/28 MP: 4/6
  1075 | D:2      | Found an iron altar of Okawaru.
  1580 | D:2      | Found a runed translucent door.
  1581 | D:2      | Noticed Crazy Yiuf
  1588 | D:2      | Killed Crazy Yiuf
  1588 | D:2      | Reached skill level 5 in Conjurations
  1588 | D:2      | Reached XP level 4. HP: 35/35 MP: 2/8
  1972 | D:3      | Reached skill level 3 in Spellcasting
  2101 | D:3      | Found a faded altar of an unknown god.
  2132 | D:3      | Found a glowing drain.
  2192 | Sewer    | Entered a sewer
  2309 | Sewer    | Reached XP level 5. HP: 41/41 MP: 5/9
  2550 | Sewer    | Reached skill level 1 in Staves
  3012 | D:3      | Learned a level 4 spell: Iskenderun's Mystic Blast
  3039 | D:4      | Reached XP level 6. HP: 40/50 MP: 11/11
  3787 | D:4      | Reached skill level 4 in Spellcasting
  4143 | D:4      | Found a white marble altar of Elyvilon.
  4379 | D:4      | Found a staircase to the Ecumenical Temple.
  4384 | Temple   | Entered the Ecumenical Temple
  4413 | Temple   | Became a worshipper of Sif Muna the Loreminder
  4597 | D:5      | Entered Level 5 of the Dungeon
  4600 | D:5      | Found a sacrificial altar of Ru.
  4878 | D:5      | Found Oti Fots's Distillery.
  4923 | D:5      | Noticed a sky beast
  4939 | D:5      | Killed a sky beast
  4939 | D:5      | Your scales start taking on a rich purple colour.
  4939 | D:5      | Reached skill level 5 in Spellcasting
  4939 | D:5      | Reached XP level 7. HP: 47/56 MP: 0/15
  5179 | D:5      | Reached skill level 6 in Spellcasting
  5244 | D:5      | Learned a level 4 spell: Fulminant Prism
  5745 | D:6      | Found a shattered altar of Ashenzari.
  6150 | D:6      | Reached skill level 7 in Spellcasting
  6560 | D:6      | Reached XP level 8. HP: 4/66 MP: 6/19
  6914 | D:6      | Reached * piety under Sif Muna
  6916 | D:6      | Found a shadowy altar of Dithmenos.
  7086 | D:6      | Found a burning altar of Makhleb.
  7228 | D:6      | Found Rorot's Weapon Boutique.
  7676 | D:7      | Reached skill level 8 in Spellcasting
  8185 | D:7      | Noticed a deep elf mage
  8191 | D:7      | Killed a deep elf mage
  8191 | D:7      | Reached skill level 9 in Spellcasting
  8191 | D:7      | Reached XP level 9. HP: 39/73 MP: 10/22
  8505 | D:7      | Reached skill level 5 in Fighting
  8509 | D:7      | Reached skill level 10 in Spellcasting
  8575 | D:7      | Learned a level 4 spell: Summon Lightning Spire
  9011 | D:7      | Reached skill level 1 in Summonings
  9011 | D:7      | Reached skill level 1 in Air Magic
  9375 | D:8      | Found a staircase to the Lair.
 10043 | D:8      | Reached ** piety under Sif Muna
 10331 | D:8      | Noticed a two-headed ogre
 10342 | D:8      | Killed a two-headed ogre
 10342 | D:8      | Reached skill level 11 in Spellcasting
 10427 | D:8      | Found a transporter.
 10431 | D:8      | Found a transporter.
 10441 | D:8      | Noticed kkkmkkk's ghost (novice CeTm)
 10503 | D:8      | Noticed Pikel
 10547 | D:8      | Killed Pikel
 10547 | D:8      | Reached XP level 10. HP: 18/83 MP: 6/25
 10964 | D:8      | Found a glowing golden altar of the Shining One.
 11084 | D:8      | Paralysed by a hornet for 1 turns
 11797 | Lair:1   | Entered Level 1 of the Lair of Beasts
 12041 | Lair:1   | Noticed a black mamba
 12249 | Lair:1   | Reached skill level 12 in Spellcasting
 12789 | D:8      | Reached skill level 1 in Evocations
 13070 | Lair:1   | Slain by a komodo dragon

Levels and vault maps discovered:
D:1:      lightli_arrival_noodles, layout_rooms, hangedman_decor_opposing,
          minmay_tromino_v4_a
D:2:      layout_rooms, marbit_many_paths, minmay_misc_feat_chi,
          uniq_crazy_yiuf_cottage
D:3:      layout_basic, portal_sewer_entry_a, chequers_ecumenical_altar_twisty
D:4:      layout_cave_pools, lemuel_round_altar, minmay_temple_entry_nine_rooms,
          first_ration, minmay_misc_feat_square
D:5:      layout_rooms, lemuel_round_altar, serial_shops, shop
D:6:      layout_loops_corners, lemuel_round_altar, kennysheep_mini_moat,
          evilmike_ruin_ashenzari, serial_shops, shop, minmay_misc_feat_tiny
D:7:      nicolae_whirlpool, layout_loops_corners, kb_rosetta
D:8:      layout_layer_cave, lemuel_doored_altar, lair_entry_dummy,
          gammafunk_ghost_hive, enter_bailey_8, hangedman_pestilent_swarm,
          hex_tiny, uniq_pikel
Temple:   eino_narrow_crystal_temple
Lair:1:   layout_cave_pods, serial_bayou_shore_a, lemuel_fruit_fields,
          infiniplex_staircase_pool

Skill      XL: |  1  2  3  4  5  6  7  8  9 10 |
---------------+-------------------------------+-----
Fighting       | 1 2 3 4 6 |  6.8
Conjurations   | 5 6 7 |  7.6
Spellcasting   | 3 5 7 9 11 12 | 12.1
Staves         | 1 2 |  2.0
Summonings     | 3 4 |  4.5
Air Magic      | 3 4 |  4.2
Evocations     | 1 |  1.0
Long Blades    | |  0.4
Dodging        | |  1.7
Stealth        | |  1.7

Action                   |  1- 3 |  4- 6 |  7- 9 | 10-12 || total
-------------------------+-------+-------+-------+-------++-------
Melee: Short sword       |    25 |       |       |       ||    25
       Unarmed           |     1 |       |       |       ||     1
       Tailslap          |     2 |     6 |     3 |     2 ||    13
       Quarterstaff      |       |    40 |    23 |       ||    63
       Staff             |       |    40 |       |       ||    40
       Long sword        |       |       |     9 |     2 ||    11
 Cast: Magic Dart        |    65 |   149 |   274 |    57 ||   545
       Searing Ray       |     1 |       |    13 |     4 ||    18
       Iskenderun's Myst |       |     5 |    22 |    14 ||    41
       Summon Lightning  |       |       |     5 |    12 ||    17
Evoke: Wand              |       |       |       |    16 ||    16
  Use: Scroll            |       |     5 |     1 |     1 ||     7
       Potion            |       |     1 |     5 |     1 ||     7
 Stab: Sleeping          |     1 |       |       |       ||     1
  Eat: Chunk             |     3 |     5 |     9 |     4 ||    21
       Ration            |       |     2 |     3 |     2 ||     7
Armor: Skin              |    10 |    42 |   101 |    23 ||   176
Dodge: Dodged            |    20 |    89 |   140 |    48 ||   297
Block: Other             |       |       |    27 |    17 ||    44
       Reflection        |       |       |     5 |       ||     5
       Rpst.: Long sword |       |       |    15 |    11 ||    26

Table legend:
 A = Non-vault XP
 B = Vault XP
 C = Vault XP percentage of total XP
 D = Non-vault monster count
 E = Vault monster count
 F = Vault count percentage of total count
                 A         B        C        D         E       F
            +---------+---------+-------+---------+---------+-------
      Total |    5972 |    2623 |  30.5 |     172 |      40 |  18.9
            +---------+---------+-------+---------+---------+-------
        D:1 |      30 |       5 |  14.3 |      20 |       4 |  16.7
        D:2 |      44 |      42 |  48.8 |      17 |       2 |  10.5
        D:3 |     111 |       8 |   6.7 |      18 |       5 |  21.7
        D:4 |     210 |       0 |   0.0 |      19 |       0 |   0.0
        D:5 |     527 |       0 |   0.0 |      17 |       0 |   0.0
        D:6 |     586 |       0 |   0.0 |      23 |       0 |   0.0
        D:7 |    1333 |    1160 |  46.5 |      23 |       6 |  20.7
        D:8 |    1871 |    1275 |  40.5 |      26 |       5 |  16.1
     Lair:1 |    1260 |       0 |   0.0 |       9 |       0 |   0.0
      Sewer |       0 |     133 | 100.0 |       0 |      18 | 100.0
            +---------+---------+-------+---------+---------+-------
